Map: Dusk Towers

Players

Dansible

  • Race: Protoss Protoss
  • League: Master

RoX

  • Race: Protoss Protoss
  • League: Diamond

SifTheAbyss

  • Race: Protoss Protoss
  • League: Gold

zubara

  • Race: Protoss Protoss

Hellhammer

  • Race: Protoss Protoss
  • League: Gold

GonzoPlays

  • Race: Terran Terran
  • League: Gold

SrslyKåre

  • Race: Terran Terran
  • League: Master

Sentinel

  • Race: Terran Terran

storakles

  • Race: Terran Terran

VOD

Have the link to the VOD?

Description

Time

  • Played on: Jan. 31, 2016, 9:50 p.m.
  • Length: 20:50
Show
View Real Time Build Order
Export as new Build Order

Dansible Protoss 

Build Orders: 1 Gate Expand 

Get SALT Encoding   

  12  0:00  Probe (Chrono Boost)  
  13  0:11  Probe (Chrono Boost)  
  14  0:18  Pylon  
  14  0:23  Probe (Chrono Boost)  
  15  0:36  Probe (Chrono Boost)  
  15  0:38  Gateway  
  16  0:47  Probe (Chrono Boost)  
  17  0:58  Probe (Chrono Boost)  
  18  1:08  Probe (Chrono Boost)  
  18  1:10  Assimilator  
  19  1:20  Probe (Chrono Boost)  
  20  1:27  Nexus  
  20  1:31  Probe (Chrono Boost)  
  21  1:38  Cybernetics Core  
  21  1:41  Probe (Chrono Boost)  
  22  1:53  Probe (Chrono Boost)  
  22  2:01  Pylon  
  22  2:03  Probe (Chrono Boost)  
  23  2:14  Warp Gate  
  23  2:20  Stalker (Chrono Boost)  
  23  2:21  Probe  
  23  2:22  Assimilator  
  26  2:33  Probe  
  25  2:46  Stalker (Chrono Boost)  
  25  2:49  Probe  
  25  2:50  Probe  
  28  2:59  Probe  
  28  3:02  Probe  
  30  3:10  Probe  
  30  3:12  Stalker (Chrono Boost)  
  33  3:14  Probe  
  33  3:15  Pylon  
  33  3:17  Robotics Facility  
  34  3:20  Probe  
  34  3:26  Probe  
  36  3:31  Probe  
  37  3:38  Stalker (Chrono Boost)  
  39  3:41  Probe  
  39  3:44  Mothership Core  
  42  3:52  Probe, Pylon  
  43  4:02  Probe  
  43  4:05  Probe (Chrono Boost)  
  43  4:07  Observer  
  48  4:14  Probe (Chrono Boost)  
  47  4:17  Probe (Chrono Boost)  
  47  4:21  Stalker  
  50  4:24  Nexus  
  50  4:28  Pylon  
  50  4:30  Probe x2 (Chrono Boost)  
  52  4:32  Observer  
  52  4:38  Assimilator  
  53  4:39  Assimilator  
  53  4:41  Probe x2 (Chrono Boost)  
  55  4:53  Observer  
  55  4:54  Probe x2 (Chrono Boost)  
  58  5:05  Gateway, Probe x2 (Chrono Boost)  
  58  5:06  Gateway  
  60  5:11  Pylon  
  60  5:14  Pylon  
  60  5:16  Observer  
  60  5:17  Forge  
  60  5:18  Twilight Council  
  60  5:40  Immortal  
  60  5:41  Stalker  
  65  5:45  Pylon  
  65  5:48  Probe (Chrono Boost)  
  65  5:49  Probe (Chrono Boost)  
  67  6:03  Probe x2 (Chrono Boost)  
  69  6:07  Stalker  
  71  6:15  Probe x3 (Chrono Boost)  
  74  6:20  Pylon  
  74  6:29  Resonating Glaives (Chrono Boost)  
  74  6:30  Adept x3  
  77  6:35  Immortal  
  77  6:37  Probe x2 (Chrono Boost)  
  78  6:49  Protoss Ground Weapons Level 1  
  78  6:52  Probe x3 (Chrono Boost)  
  81  7:01  Forge  
  81  7:02  Probe (Chrono Boost)  
  81  7:03  Probe (Chrono Boost)  
  83  7:09  Immortal  
  87  7:16  Probe  
  87  7:17  Probe x2  
  87  7:22  Stalker x3  
  96  7:27  Pylon  
  96  7:29  Probe  
  96  7:30  Probe x2  
  99  7:40  Probe  
  99  7:42  Probe  
  99  7:43  Probe  
  106  7:53  Robotics Facility  
  106  7:58  Templar Archives, Probe  
  106  7:59  Warp Prism  
  106  8:00  Probe x2  
  106  8:02  Assimilator  
  106  8:03  Assimilator  
  107  8:09  Adept x3  
  113  8:17  Gateway  
  113  8:19  Gateway  
  113  8:22  Gateway  
  113  8:24  Probe  
  113  8:25  Probe  
  115  8:27  Protoss Ground Weapons Level 2  
  115  8:29  Probe  
  115  8:33  Protoss Ground Armor Level 1  
  116  8:36  Probe  
  116  8:40  Pylon x2  
  116  8:41  Pylon  
  117  8:55  Psionic Storm, Pylon  
  117  8:58  Probe  
  117  9:01  Pylon  
  118  9:06  Blink (Chrono Boost)  
  118  9:07  Pylon  
  116  9:10  Adept x2  
  116  9:11  Adept  
  116  9:23  Adept x2  
  116  9:24  Adept  
  122  9:34  Adept x3  
  128  9:48  Observer  
  128  9:52  High Templar x2  
  131  9:53  High Templar  
  131  9:55  High Templar x3  
  131  9:56  Nexus  
  141  10:02  Gateway  
  141  10:05  Gateway  
  141  10:08  Pylon  
  141  10:13  Gateway  
  141  10:17  Pylon  
  128  10:45  Adept x6  
  128  10:55  Immortal  
  91  11:07  Stalker x6  
  92  11:21  Photon Cannon  
  88  11:29  Robotics Facility, Immortal  
  82  11:38  Probe  
  76  11:40  Probe x2  
  76  11:43  Protoss Ground Weapons Level 3  
  74  11:48  Adept  
  74  11:49  Adept x3  
  81  11:55  Adept x5  
  91  12:03  Protoss Ground Armor Level 2  
  91  12:07  Gateway, Probe  
  90  12:08  Gateway  
  90  12:09  Gateway, Probe x2  
  90  12:14  Photon Cannon, Stalker x3  
  90  12:15  Stalker x2  
  100  12:20  Stalker  
  104  12:22  Stalker  
  104  12:23  Stalker  
  104  12:24  Stalker  
  110  12:38  High Templar x3  
  110  12:40  High Templar x2  
  110  12:43  Pylon  
  120  12:46  High Templar x2  
  124  13:05  Stalker  
  126  13:06  Stalker x3  
  128  13:20  Adept x5  
  128  13:25  Warp Prism  
  138  13:34  Nexus  
  138  13:37  Adept x3  
  138  13:38  Adept x2  
  148  13:59  Adept x2  
  148  14:00  Adept x5  
  162  14:09  Pylon  
  131  14:38  Adept x2  
  131  14:39  Adept x5  
  131  14:40  Adept x3  
  142  15:16  Adept x6  
  112  15:52  Zealot x4, Stalker x2  
  112  15:53  Nexus  
  124  16:02  Stalker x2  
  124  16:13  Protoss Ground Armor Level 3  
  116  16:42  Stalker x6  
  116  16:44  High Templar x3  
  116  16:45  High Templar x2  
  138  16:51  Pylon  
  138  17:10  Immortal  
  138  17:14  Immortal  
  138  17:15  Pylon  
  146  17:25  Stargate  
  146  17:28  Stargate  
  146  17:41  Protoss Shields Level 1  
  146  17:46  Nexus  
  146  17:53  Observer  
  147  18:06  Pylon  
  147  18:07  Photon Cannon  
  147  18:08  Photon Cannon  
  147  18:10  Photon Cannon  
  147  18:11  Warp Prism  
  137  18:17  Fleet Beacon  
  139  18:33  Assimilator x2  
  139  18:40  Stalker x4  
  139  18:41  Stalker x5  
  157  18:56  Pylon  
  157  18:57  Pylon  
  157  19:00  Assimilator  
  157  19:01  Assimilator, Pylon  
  157  19:05  Adept x2  
  157  19:06  Adept x2  
  165  19:23  Charge (Chrono Boost)  
  165  19:29  Stalker x4  
  165  19:30  Stalker x2  
  177  19:47  Warp Prism  
  177  19:53  Zealot  
  177  19:54  Zealot x4  
  177  19:57  Stalker x3  
  177  20:21  Probe  
  177  20:23  Probe x2  
  186  20:32  Photon Cannon  
  186  20:37  High Templar x2  
  186  20:38  Zealot x4  
Show
View Real Time Build Order
Export as new Build Order

RoX Protoss 

Build Orders:  

Get SALT Encoding   

  12  0:01  SCV  
  13  0:13  SCV  
  14  0:17  Supply Depot  
  14  0:25  SCV  
  15  0:39  SCV, Barracks  
  16  0:47  Refinery  
  16  0:51  SCV  
  17  1:03  SCV  
  18  1:15  SCV  
  19  1:27  Orbital Command  
  19  1:31  Reaper  
  20  1:51  Command Center  
  20  1:54  SCV  
  20  2:01  Supply Depot  
  21  2:06  Marine  
  22  2:08  Factory  
  22  2:13  SCV, Refinery  
  23  2:24  Marine  
  24  2:38  Supply Depot  
  24  2:40  SCV  
  24  2:42  Barracks Reactor  
  25  2:52  SCV  
  25  2:53  Starport  
  26  2:59  Factory Tech Lab  
  26  3:04  SCV, Orbital Command  
  27  3:14  Refinery  
  27  3:16  SCV  
  27  3:18  Siege Tank  
  27  3:19  Marine x2  
  33  3:28  SCV  
  33  3:32  Supply Depot  
  34  3:36  Starport Reactor  
  34  3:37  Marine x2  
  34  3:38  SCV  
  37  3:50  Siege Tank  
  37  3:53  SCV x2  
  37  3:55  Marine x2  
  42  4:00  Supply Depot  
  43  4:12  Medivac  
  45  4:17  Marine  
  45  4:18  Marine, Barracks  
  45  4:22  SCV x2, Widow Mine  
  51  4:34  SCV x2  
  53  4:44  Refinery  
  53  4:46  SCV x2, Medivac x2  
  53  4:49  Marine x2  
  61  4:58  Siege Tank, SCV x2  
  66  5:07  Reaper, Command Center  
  66  5:10  SCV  
  66  5:12  SCV  
  69  5:15  Marine  
  69  5:16  Barracks Tech Lab  
  70  5:34  Marine, SCV  
  70  5:45  Supply Depot  
  70  5:52  Supply Depot  
  70  5:58  Marine, Supply Depot  
  70  6:00  Stimpack  
  70  6:07  Siege Tank, Marine, Medivac x2  
  78  6:14  Marine, Engineering Bay, SCV x2  
  78  6:15  Engineering Bay  
  78  6:16  Marine  
  82  6:21  Orbital Command  
  82  6:22  Barracks  
  77  6:26  SCV x2  
  77  6:31  Marine  
  80  6:37  Medivac x2  
  80  6:38  SCV x2, Widow Mine  
  88  6:44  Barracks  
  88  6:47  SCV  
  88  6:50  Terran Infantry Weapons Level 1, Terran Infantry Armor Level 1, SCV  
  88  6:53  Armory  
  84  6:54  SCV  
  84  6:56  Orbital Command  
  84  7:00  Missile Turret x2  
  85  7:07  Widow Mine  
  87  7:08  Medivac  
  87  7:09  Missile Turret, Medivac  
  87  7:11  Barracks Reactor, Marine x2  
  87  7:12  Missile Turret  
  87  7:13  Marauder  
  95  7:23  SCV x2  
  97  7:33  Barracks Reactor  
  97  7:35  SCV  
  97  7:36  Siege Tank, Marine x2  
  103  7:38  Refinery, Marauder  
  103  7:42  Refinery  
  103  7:43  SCV  
  103  7:44  SCV  
  106  7:46  Terran Ship Weapons Level 1  
  106  7:47  SCV  
  107  7:54  Marine x2  
  109  8:01  Combat Shields  
  109  8:02  Command Center  
  109  8:08  Marine, SCV, Supply Depot, Widow Mine, Medivac x2  
  109  8:09  Supply Depot  
  117  8:22  Liberator  
  117  8:23  Liberator  
  117  8:29  Marine x2  
  119  8:35  Supply Depot  
  119  8:36  Marine x3  
  119  8:37  Widow Mine  
  130  8:45  Terran Infantry Weapons Level 2  
  130  8:47  Terran Infantry Armor Level 2, Marine x2  
  132  8:54  Marine x3  
  132  8:57  Supply Depot  
  132  8:58  Supply Depot  
  132  9:02  SCV x3  
  135  9:05  Marine x2, Liberator x2  
  135  9:06  Widow Mine  
  125  9:12  Marine x2  
  125  9:13  Marine  
  125  9:14  SCV x3  
  125  9:22  Marine x2  
  131  9:26  Orbital Command  
  131  9:29  Missile Turret, Refinery  
  131  9:30  Marine x3  
  134  9:31  Refinery  
  134  9:36  Ghost Academy  
  134  9:37  Siege Tank  
  137  9:40  Marine x2  
  137  9:42  Terran Ship Weapons Level 2  
  139  9:47  Marine  
  139  9:48  Marine, Supply Depot  
  141  9:54  Liberator x2  
  141  10:00  Supply Depot  
  141  10:06  Supply Depot  
  141  10:07  Supply Depot  
  141  10:13  Marine x4  
  151  10:15  Marine  
  152  10:21  Widow Mine  
  152  10:23  Personal Cloaking  
  154  10:31  Marine x4  
  154  10:35  Barracks x4  
  154  10:49  Command Center  
  137  10:50  Widow Mine  
  137  10:53  Marine x5  
  114  11:16  Orbital Command  
  96  11:26  Marine x4  
  96  11:27  Marine x7  
  107  11:44  Marine x6  
  107  11:45  Marine x5  
  118  11:48  Medivac  
  118  11:49  Medivac  
  118  11:51  Widow Mine  
  120  12:07  Ghost, Command Center  
  122  12:17  SCV x3  
  122  12:18  SCV, Refinery  
  122  12:20  Widow Mine  
  122  12:21  Orbital Command  
  122  12:22  Missile Turret  
  128  12:28  Terran Ship Weapons Level 3  
  128  12:29  SCV x2  
  131  12:30  SCV  
  131  12:33  Liberator  
  131  12:34  Liberator  
  131  12:35  Ghost  
  133  12:40  Marine x7  
  133  12:41  Marine x3  
  143  12:48  Widow Mine  
  150  12:52  Terran Infantry Weapons Level 3  
  150  12:53  Concussive Shells  
  150  12:56  SCV x5  
  150  12:58  Marine  
  156  13:00  Terran Infantry Armor Level 3  
  156  13:04  Ghost  
  153  13:08  SCV x2  
  153  13:09  Nuke  
  153  13:11  Marine  
  153  13:12  Marine x2  
  158  13:14  Barracks Tech Lab  
  158  13:15  Barracks Tech Lab  
  158  13:16  Barracks Tech Lab  
  158  13:17  Barracks Tech Lab  
  146  13:31  Refinery  
  146  13:32  Ghost  
  146  13:33  Refinery  
  148  13:42  Liberator, Ghost x2  
  148  13:43  Liberator, Ghost x2  
  148  13:44  Marine x6  
  160  14:01  Ghost  
  160  14:02  Marine x6  
  171  14:07  Fusion Core  
  172  14:11  Marine  
  172  14:14  Starport  
  143  14:25  Liberator x2  
  108  14:33  Marine x6, Marauder x3  
  108  14:34  Marine x2  
  102  14:51  Siege Tank, Marine x7  
  102  14:52  Marine  
  109  14:54  Marine x3  
  109  14:57  Starport Tech Lab  
  111  15:02  Orbital Command  
  111  15:06  Orbital Command  
  110  15:09  Marine x8  
  110  15:12  Marine, Ghost  
  101  15:37  SCV  
  101  15:40  Orbital Command  
  89  15:49  SCV  
  56  16:01  SCV  
  46  16:06  SCV x3  
  47  16:13  Marine x11, SCV  
  47  16:18  SCV x3  
  57  16:25  SCV  
  57  16:30  SCV x2, Marine x2  
  62  16:41  Ghost  
  62  16:42  Ghost x2  
  62  16:44  Marine  
  69  16:56  SCV  
  70  17:09  SCV  
  70  17:12  Orbital Command  
  71  17:36  Medivac  
  73  17:37  Marine  
  73  17:38  Marine x7, Marauder x3  
  87  17:55  Marine x4  
  87  17:56  Marine x4, Hellion  
  87  17:58  Ghost x2  
  96  17:59  Marine  
  95  18:13  Marine x2, Command Center  
  95  18:17  SCV  
  98  18:21  Marine x3, Ghost x2  
  98  18:22  Marine x2  
  107  18:27  Marine x2  
  107  18:30  SCV  
  107  18:31  Marine  
  111  18:44  Ghost  
  111  18:45  Ghost  
  115  18:49  Ghost  
  117  18:57  Medivac x2  
  117  18:58  Ghost  
  117  18:59  Marine  
  117  19:00  Marine x2  
  126  19:13  Ghost x2  
  130  19:27  Medivac x2  
  132  19:40  Ghost x2  
  132  19:41  Marine x4  
  132  19:42  Marine x3, Marauder x2  
  144  19:57  Medivac x2  
  144  19:59  Marine x4  
  137  20:00  Marine x3  
  137  20:04  Marauder x2  
  105  20:09  Marine x2  
Show
View Real Time Build Order
Export as new Build Order

SifTheAbyss Protoss 

Build Orders:  

Get SALT Encoding   

Show
View Real Time Build Order
Export as new Build Order

zubara Protoss 

Build Orders:  

Get SALT Encoding   

Show
View Real Time Build Order
Export as new Build Order

Hellhammer Protoss 

Build Orders:  

Get SALT Encoding   

Show
View Real Time Build Order
Export as new Build Order

GonzoPlays Terran 

Build Orders:  

Get SALT Encoding   

Show
View Real Time Build Order
Export as new Build Order

SrslyKåre Terran 

Build Orders:  

Get SALT Encoding   

Show
View Real Time Build Order
Export as new Build Order

Sentinel Terran 

Build Orders:  

Get SALT Encoding   

Show
View Real Time Build Order
Export as new Build Order

storakles Terran 

Build Orders:  

Get SALT Encoding   

Tags
 
Add a new tag
Caveats
  • Supply blocks, unpowered buildings, or Contaminate may cause inaccurate times.
  • Supply counts are checked every 10 seconds.